 Dungeon Crawl Stone Soup version 0.31-a0-1540-g5a0b83f448 (webtiles) character file.

Game seed: 8629437773792688887

1717266 whatisthis the Conqueror (level 27, 249/249 HPs)
             Began as a Human Berserker on Dec 30, 2023.
             Was an Elder of Trog.
             Escaped with the Orb
             ... and 3 runes on Jan 1, 2024!
             The game lasted 07:00:59 (65974 turns).

whatisthis the Conqueror (Human Berserker)         Turns: 65974, Time: 07:01:00

Health: 249/249    AC: 35    Str: 28    XL:     27
Magic:  7/7        EV: 21    Int: 10    God:    Trog [****..]
Gold:   3598       SH: 30    Dex: 12    Spells: 26/26 levels left

rFire   + + +        c - +9 eveningstar (antimagic)
rCold   . . .        I - +5 tower shield
rNeg    + + .        x - +6 chain mail "Peira" {rF++ Will+ Regen+}
rPois   +            p - +2 helmet
rElec   .            r - +2 cloak {rPois}
rCorr   .            U - +0 pair of gloves "Mauluil" {rF+ rN++ Int+2}
SInv    +            v - +2 pair of boots
Will    +++..        J - amulet of reflection Stlth
                     u - ring of see invisible
HPRegen 1.41/turn    F - ring of the Hare {EV+10}
MPRegen 0.10/turn

%: reflection
@: studying Short Blades
A: explore regen, dopey 2, MP-powered wands
0: Orb of Zot
}: 3/15 runes: decaying, silver, gossamer
a: Renounce Religion, Berserk, Trog's Hand, Brothers in Arms


You escaped.
You worshipped Trog.
Trog was greatly pleased with you.
You visited 9 branches of the dungeon, and saw 45 of its levels.
You visited 1 bazaar.
You also visited: Sewer and Gauntlet.

You collected 7508 gold pieces.
You spent 3910 gold pieces at shops.

Inventory:

Hand Weapons
 a - a +9 morningstar of freezing
 b - the +5 demon whip "Spellbinder" {antimagic, disrupt, Will+}
   (You found it in a Gauntlet)

   Will+:     It increases your willpower.
 c - a +9 antimagic eveningstar (weapon)
Missiles
 e - 13 boomerangs
 f - 18 poisoned darts
 h - 4 throwing nets
 j - 2 silver javelins
 R - 14 javelins (quivered)
Armour
 p - a +2 helmet (worn)
 r - a +2 cloak of poison resistance (worn)
 v - a +2 pair of boots (worn)
 x - the +6 chain mail "Peira" (worn) {rF++ Will+ Regen+}
   (You found it on level 5 of the Lair of Beasts)

   rF++:      It greatly protects you from fire.
   Will+:     It increases your willpower.
   Regen+:    It increases your rate of health regeneration.
 I - a +5 tower shield (worn)
 U - the +0 pair of gloves "Mauluil" (worn) {rF+ rN++ Int+2}
   (You found it in a Gauntlet)

   Int+2:     It affects your intelligence (+2).
   rF+:       It protects you from fire.
   rN++:      It greatly protects you from negative energy.
Jewellery
 m - the ring "Niaxoh" {Fly rC+ Int+3 Dex+3}
   (You acquired it on level 3 of the Depths)

   [ring of flight]

   Int+3:     It affects your intelligence (+3).
   Dex+3:     It affects your dexterity (+3).
   rC+:       It protects you from cold.
   Fly:       It grants you flight.
 u - a ring of see invisible (left hand)
 F - the ring of the Hare (right hand) {EV+10}
   (You found it on level 15 of the Dungeon)

   [ring of evasion]

   EV+10:     It affects your evasion (+10).
 J - an amulet of reflection (around neck)
 N - a +4 ring of protection
 T - the ring "Murphouf" {Will+ Int+2}
   (You found it on level 2 of the Spider Nest)

   [ring of willpower]

   Int+2:     It affects your intelligence (+2).
   Will+:     It increases your willpower.
 X - a ring of resist corrosion
Wands
 q - a wand of flame (101)
 t - a wand of digging (8)
 C - a wand of light (29)
 D - a wand of mindburst (14)
 E - a wand of charming (24)
 O - a wand of polymorph (10)
 P - a wand of iceblast (50)
Scrolls
 i - a scroll of silence
 k - 7 scrolls of butterflies
 l - 4 scrolls of fog
 o - 6 scrolls of immolation
 s - 2 scrolls of revelation
 y - 26 scrolls of teleportation
 H - 6 scrolls of poison
 L - 3 scrolls of vulnerability
 Y - 3 scrolls of blinking
 Z - a scroll of fear
Potions
 d - 6 potions of enlightenment
 g - 27 potions of curing
 w - 3 potions of cancellation
 z - 2 potions of resistance
 A - 12 potions of heal wounds
 B - a potion of haste
 G - 4 potions of mutation
 K - 2 potions of might
 M - 7 potions of lignification
 Q - a potion of attraction
 S - 5 potions of ambrosia


   Skills:
 O Level 27 Fighting
 - Level 16.2 Maces & Flails
 + Level 22.6 Throwing
 - Level 21.6 Armour
 - Level 5.2 Dodging
 - Level 18.0 Shields


You had 26 spell levels left.
You didn't know any spells.
Your spell library was empty.

Dungeon Overview and Level Annotations

Branches:
Dungeon (15/15)            Temple (0/1) D:4            Lair (5/5) D:11
  Swamp (4/4) Lair:3       Spider (4/4) Lair:3        Slime (0/5) Lair:5
    Orc (2/2) D:10            Elf (1/3) Orc:2        Vaults (5/5) D:13
  Crypt (0/3) Vaults:2     Depths (4/4) D:15            Zot (5/5) Depths:4
  Sewer (visited)         Gauntlet (visited)

Altars:
Ashenzari
Dithmenos
Elyvilon
Gozag
Hepliaklqana
Kikubaaqudgha
Makhleb
Nemelex Xobeh
Okawaru
Ru
Trog
Vehumet
Jiyva

Shops:
D:15 *   Orc:2 *=**   Elf:1 *   Vaults:1 **   Vaults:2 *   Vaults:3 *
Vaults:4 *(   Depths:1 (:![?

Portals:
Hell: Depths:1 Depths:3 Depths:4
Abyss: Depths:2 Depths:3
Pandemonium: Depths:2
Ziggurat: Depths:4

Annotations:
D:10 2 transporters
D:14 4 runed translucent doors
Lair:2 fed sonja to a komodo
Lair:3 exclusion: oklob plant
Spider:1 1 runed translucent door, grandjackal's ghost, adept DECj
Elf:1 1 runed translucent door, Xuahaunu's ghost, adept MfIE
Depths:2 exclusions: downstairs and 1 more exclusion
Depths:3 exclusion: door
Zot:2 exclusion: downstairs
Zot:3 TIAMAT -- DON'T STAY TOO LONG, exclusions: 2 doors and 10 more exclusions, Tiamat
Zot:4 exclusion: door
Zot:5 exclusion: 2 upstairs


Innate Abilities, Weirdness & Mutations

You regain HP and MP as you explore.
You are very dopey. (Int -4)
You expend magic power (3 MP) to strengthen your wands.


Message History

Okay, then.
You feel yourself speed up.
You fade into invisibility!
The toenail golem misses you.
A sixfirhy comes into view.
A sixfirhy comes into view.
The sixfirhy completely misses you. You block the sixfirhy's attack. x2
The sixfirhy misses you. You block the sixfirhy's attack.
There is a stone staircase leading up here.
You block the sixfirhy's attack.
You climb upwards.
There is a stone staircase leading down here.
A sixfirhy is nearby!
A Tzitzimitl comes into view.
You block the sixfirhy's attack. You block the sixfirhy's attack.
You block the sixfirhy's attack. You block the sixfirhy's attack. x2
An Orb Guardian comes into view.
You block the sixfirhy's attack. You block the sixfirhy's attack. x2
Your extra speed is starting to run out.
There is a stone staircase leading up here.
Your skin crawls.
You feel strong-willed.
You climb upwards.
There is a stone staircase leading down here.
You feel yourself slow down.
You flicker for a moment.
You flicker back into view.
You feel the effects of Trog's Hand fading.
There is a stone staircase leading up here.
You climb upwards.
There is a stone staircase leading down here.
You see here an adder skeleton.
Your skin stops crawling.
You feel less strong-willed.
A Brimstone Fiend comes into view.
The Brimstone Fiend roars!
There is a staircase leading out of the dungeon here.
You have escaped!

#.# ######.###...#########. #.#
#.####.## #. #.# ######%..##..#
#. #.### #............# ## #...#
#..#.....#...# ###.#
#.##8###8##1.#
####.######..#........##
#............#.....#..#
#.##.######..#..@..#..# #.##.#
##...#.....#..#
#.##.####..........#..##
#.##........##8###8##..##
#.##..#####..#.....#....# #.##..#
#...........#.#########
#.##..#####.##.###.#.##.##.......
#.##..#..........#.#.##.##.######
#.##........####.#.#.##.##.#


You could see a Brimstone Fiend.

Vanquished Creatures
  2 ancient liches
  2 dread liches (Zot:5)
  10 orbs of fire
  Mara (Spider:4)
  Boris (twice) (Vaults:1 Vaults:5)
  6 Killer Klowns
  2 curse toes
  Nikola (Spider:3)
  12 golden dragons
  A caustic shrike (Depths:4)
  Jory (Vaults:3)
  3 bone dragons
  2 electric golems (Zot:5)
  A walking crystal tome (Depths:3)
  5 liches
  12 tentacled monstrosities
  6 titans (Vaults:5)
  25 Orb Guardians (Zot:5)
  2 quicksilver dragons
  4 sphinxes
  10 tengu reavers
  Agnes (D:15)
  9 death cobs
  An ancient champion (Vaults:1)
  Gastronok (Lair:3)
  2 thorn hunters
  22 storm dragons
  4 shadow dragons
  2 deep elf sorcerers
  6 emperor scorpions (Spider:4)
  4 protean progenitors
  14 vault wardens
  9 fire giants
  4 draconian monks
  3 draconian scorchers
  9 ghost moths
  4 frost giants
  3 draconian knights
  An iron dragon (Vaults:5)
  4 draconian shifters
  4 draconian stormcallers
  A balrug (Depths:2)
  12 ironbound preservers
  3 draconian annihilators
  18 stone giants
  3 broodmothers
  7 ironbound thunderhulks
  A formless jellyfish (Vaults:4)
  2 reapers (Gauntlet)
  A spriggan defender (Depths:3)
  24 very ugly things
  3 vampire knights
  4 eleionomae
  3 deep elf death magi
  7 white draconians
  2 deep elf annihilators
  3 deep elf demonologists (Vaults:5)
  A minotaur (Gauntlet)
  9 green draconians
  5 spark wasps
  11 yellow draconians
  12 dire elephants
  A bunyip (Swamp:4)
  8 red draconians
  7 black draconians
  3 war gargoyles
  10 ettins
  Josephine (Lair:4)
  6 purple draconians
  5 fire dragons
  6 entropy weavers
  2 shambling mangroves
  4 deep elf high priests (Vaults:5)
  12 yaktaur captains
  Fannar (D:12)
  16 hydras
  6 ogre magi
  15 ice dragons
  A hell beast (Depths:3)
  A rakshasa (Depths:1)
  3 peacekeepers
  24 vault guards
  4 great orbs of eyes
  10 ironbound frosthearts
  8 alligators
  3 radroaches
  23 centaur warriors
  4 spriggan air magi
  12 boulder beetles
  A sphinx zombie (Depths:1)
  A jorogumo (Spider:3)
  4 ghost crabs
  20 two-headed ogres
  7 deep troll earth magi
  6 dancing weapons (Elf:1)
  7 deep troll shamans
  A tengu warrior (D:14)
  2 vampire magi (Depths:1)
  5 demonic crawlers
  7 spriggan berserkers
  A titan zombie (Vaults:4)
  An occultist (D:15)
  Urug (D:10)
  14 spriggans
  6 hell knights
  4 deep elf knights (Elf:1)
  A skyshark (shapeshifter) (Vaults:5)
  A skyshark (Lair:4)
  8 skeletal warriors
  7 iron trolls
  A storm dragon zombie (Vaults:2)
  8 pharaoh ants
  A fire crab (Lair:5)
  A golden dragon zombie (Depths:1)
  2 spriggan druids
  46 deep trolls
  A flayed ghost (Depths:3)
  7 goliath frogs
  2 bog bodies
  8 orb spiders
  2 sun moths (Spider:3)
  Pikel (D:4)
  4 glowing orange brains
  5 deep elf archers (Elf:1)
  17 ironbound convokers
  3 large abominations (Depths:1)
  9 deep elf zephyrmancers
  6 arcanists
  5 phantasmal warriors (Vaults:5)
  20 wolf spiders
  11 swamp dragons
  11 lindwurms
  7 orc knights
  A frost giant zombie (Depths:1)
  An oklob plant (Lair:4)
  An orc sorcerer (Orc:2)
  7 necromancers
  A tengu skeleton (Vaults:2)
  10 deep elf pyromancers
  9 steelbarb worms
  A fire giant zombie (Depths:1)
  25 ugly things
  A faun (shapeshifter) (Vaults:5)
  5 manticores
  2 meliai
  7 cyclopes
  A cyclops (shapeshifter) (Depths:3)
  A salamander (Depths:1)
  10 human skeletons
  11 elephants
  22 moths of wrath
  A will-o-the-wisp (Lair:3)
  A guardian serpent (Lair:5)
  8 vault sentinels
  2 kobold blastminers
  8 black mambas
  2 eyes of devastation (shapeshifter)
  2 gargoyles
  A fire giant skeleton (Vaults:2)
  A molten gargoyle (Depths:1)
  4 unseen horrors
  Joseph (D:7)
  10 cane toads
  6 torpor snails
  A kobold demonologist (D:11)
  4 rime drakes
  13 yaktaurs
  3 minotaur zombies (Gauntlet)
  4 tengu conjurers
  7 freezing wraiths
  10 komodo dragons
  An efreet (D:14)
  2 yaktaur skeletons (Vaults:2)
  16 trolls
  8 polar bears
  A tarantella (shapeshifter) (Vaults:5)
  9 tyrant leeches
  A hellwing (Gauntlet)
  20 hornets
  33 tarantellas
  10 blink frogs
  A snapping turtle (shapeshifter) (Vaults:5)
  36 slime creatures
  19 jumping spiders
  A jumping spider (shapeshifter) (Depths:2)
  An ettin skeleton (Vaults:2)
  A shadow (D:11)
  19 culicivoras
  An elf zombie (Vaults:4)
  8 small abominations
  A water elemental (Depths:4)
  A fire elemental (Elf:1)
  14 wyverns
  7 wraiths
  31 yaks
  A yak (shapeshifter) (D:11)
  2 golden eyes (shapeshifter) (Vaults:5)
  A vampire (D:9)
  5 basilisks
  6 steam dragons
  A warg (Orc:1)
  2 redbacks (shapeshifter) (Vaults:5)
  2 elf skeletons
  41 redbacks
  A chaos spawn (Depths:2)
  19 vampire mosquitoes
  An ogre zombie (Vaults:4)
  10 swamp worms
  23 water moccasins
  3 acid dragons
  A glowing shapeshifter skeleton (Vaults:2)
  Duvessa (D:7)
  9 swamp drakes
  2 ice beasts
  19 orc warriors
  9 black bears
  22 ogres
  5 wolves (Lair:3)
  3 centaurs
  A lemure (D:5)
  Blork the orc (D:5)
  A human zombie (Vaults:2)
  A kobold brigand (D:9)
  3 scorpions
  An earth elemental (Elf:1)
  11 bullfrogs
  A glowing shapeshifter simulacrum (Vaults:2)
  12 wights
  Dowan (D:7)
  6 killer bees
  3 electric eels
  4 howler monkeys
  2 lava snakes (Lair:3)
  6 jellies
  4 hounds
  14 orc priests
  2 bombardier beetles
  Crazy Yiuf (D:2)
  A sleepcap (D:6)
  5 hell rats
  6 iguanas
  22 orc wizards
  Ijyb (D:5)
  Robin (D:2)
  10 adders
  4 shadow imps (Gauntlet)
  2 white imps
  2 dart slugs
  2 ribbon worms
  81 orcs
  14 endoplasms
  13 giant cockroaches
  12 goblins
  6 hobgoblins
  5 jackals
  9 kobolds
  7 quokkas
  13 ball pythons
  6 bats
  11 frilled lizards
  3 rats (D:3)
1775 creatures vanquished.

Vanquished Creatures (collateral kills)
  Frederick (Vaults:3)
  A juggernaut (Depths:2)
  Boris (Vaults:3)
  A Killer Klown (Depths:4)
  Asterion (Vaults:3)
  A tengu reaver (Vaults:5)
  2 vault wardens
  An ironbound preserver (Vaults:2)
  A draconian stormcaller (Depths:4)
  A spark wasp (Depths:3)
  A rakshasa (Depths:3)
  2 vault guards (Vaults:5)
  A radroach (Spider:1)
  A deep troll (Vaults:2)
  A glowing orange brain (Depths:2)
  A deep elf zephyrmancer (Elf:1)
  A cyclops (D:13)
  A meliai (D:14)
  An elephant (Lair:2)
  A cane toad (Lair:5)
  A torpor snail (Spider:4)
  A yaktaur (Vaults:3)
  A slime creature (Vaults:3)
  A jumping spider (Spider:4)
  A wyvern (Lair:5)
  2 yaks (Lair:2)
  2 redbacks (Spider:1)
  2 water moccasins (Lair:5)
  An orc warrior (Vaults:5)
  An orc (Vaults:5)
35 creatures vanquished.

Vanquished Creatures (others)
  A sphinx (Vaults:5)
  An emperor scorpion (Spider:4)
  A spark wasp (Depths:3)
  Sonja (Lair:2)
  A deep elf knight (Elf:1)
  An orb spider (Lair:3)
  A deep elf archer (Elf:1)
  2 deep elf pyromancers (Elf:1)
  3 bloated husks
  A jumping spider (Spider:4)
  A slime creature (D:13)
  A swamp worm (Swamp:3)
  2 orcs (Vaults:5)
  2 foxfires (Swamp:1)
19 creatures vanquished.

Grand Total: 1829 creatures vanquished

Notes
Turn   | Place    | Note
-------+----------+-------------------------------------------
     0 | D:1      | whatisthis the Human Berserker began the quest for the Orb.
     0 | D:1      | Reached XP level 1. HP: 18/18 MP: 1/1
   218 | D:1      | Reached XP level 2. HP: 21/24 MP: 2/2
   773 | D:2      | Found a runed translucent door.
   774 | D:2      | Noticed Crazy Yiuf
   809 | D:2      | Reached XP level 3. HP: 29/29 MP: 3/3
   849 | D:2      | Noticed Robin
  1312 | D:2      | Reached ** piety under Trog
  1313 | D:2      | Reached skill level 4 in Fighting
  1313 | D:2      | Reached XP level 4. HP: 26/37 MP: 4/4
  1324 | D:2      | Killed Robin
  1685 | D:2      | Killed Crazy Yiuf
  1791 | D:3      | Reached XP level 5. HP: 43/43 MP: 5/5
  1890 | D:3      | Found a glowing drain.
  1908 | Sewer    | Entered a sewer
  2163 | Sewer    | Reached skill level 5 in Fighting
  2163 | Sewer    | Reached skill level 5 in Maces & Flails
  2163 | Sewer    | Reached XP level 6. HP: 51/51 MP: 6/6
  2188 | Sewer    | Reached *** piety under Trog
  2193 | Sewer    | Identified the +7 leather armour of Refuge {Harm rElec
                  | Dex+2}
  2668 | D:4      | Found a staircase to the Ecumenical Temple.
  2813 | D:4      | Reached XP level 7. HP: 57/57 MP: 7/7
  3049 | D:4      | Found a hazy altar of Hepliaklqana.
  3124 | D:4      | Reached skill level 6 in Fighting
  3184 | D:5      | Entered Level 5 of the Dungeon
  3184 | D:5      | Found a broken altar of Ashenzari.
  3257 | D:5      | Noticed Pikel
  3300 | D:4      | Killed Pikel
  3301 | D:4      | Reached skill level 7 in Fighting
  3301 | D:4      | Reached XP level 8. HP: 67/67 MP: 8/8
  3685 | D:5      | Noticed Ijyb
  3697 | D:5      | Killed Ijyb
  3713 | D:5      | Noticed Blork the orc
  3930 | D:5      | Reached skill level 8 in Fighting
  3989 | D:5      | Found a radiant altar of Vehumet.
  4059 | D:5      | Killed Blork the orc
  4731 | D:6      | Reached skill level 1 in Shields
  4731 | D:6      | Reached XP level 9. HP: 74/75 MP: 9/9
  5319 | D:7      | You fall into a shaft and drop 3 floors!
  5319 | D:10     | Entered Level 10 of the Dungeon
  5411 | D:9      | Noticed a hornet
  5506 | D:10     | Found a transporter.
  5532 | D:10     | Found a viscous altar of Jiyva.
  5532 | D:10     | Found a transporter.
  5736 | D:9      | Reached skill level 9 in Fighting
  5925 | D:9      | Reached **** piety under Trog
  6032 | D:7      | Noticed Duvessa
  6032 | D:7      | Noticed Dowan
  6055 | D:7      | Killed Duvessa
  6105 | D:7      | Killed Dowan
  6178 | D:7      | Noticed Joseph
  6200 | D:7      | Killed Joseph
  6381 | D:7      | Noticed a manticore
  6394 | D:7      | Killed a manticore
  6395 | D:7      | Reached XP level 10. HP: 58/85 MP: 10/10
  6558 | D:7      | Reached skill level 5 in Shields
  6965 | D:8      | Found a white marble altar of Elyvilon.
  7086 | D:8      | Reached skill level 10 in Fighting
  7116 | D:8      | Reached skill level 10 in Maces & Flails
  7514 | D:8      | Noticed a two-headed ogre
  7526 | D:8      | Killed a two-headed ogre
  7920 | D:9      | Found an iron altar of Okawaru.
  8089 | D:9      | Reached skill level 11 in Fighting
  8089 | D:9      | Reached XP level 11. HP: 76/93 MP: 11/11
  8928 | D:10     | Found a staircase to the Orcish Mines.
  8982 | D:10     | Noticed Urug
  9060 | D:10     | Killed Urug
  9743 | D:11     | Found a bloodstained altar of Trog.
  9996 | D:11     | Found a staircase to the Lair.
 10523 | D:11     | Noticed a two-headed ogre
 10538 | D:11     | Killed a two-headed ogre
 10539 | D:11     | Reached skill level 12 in Fighting
 10660 | D:11     | Noticed a manticore
 10675 | D:11     | Killed a manticore
 10791 | D:11     | Noticed a skeletal warrior
 10791 | D:11     | Noticed a skeletal warrior
 11064 | D:11     | Noticed a skeletal warrior
 11137 | D:10     | Killed a skeletal warrior
 11262 | D:11     | Killed a skeletal warrior
 11263 | D:11     | Reached XP level 12. HP: 91/103 MP: 12/12
 11313 | Lair:1   | Entered Level 1 of the Lair of Beasts
 11313 | Lair:1   | Noticed a boulder beetle
 11756 | D:10     | Killed a boulder beetle
 12573 | Lair:1   | Reached skill level 13 in Fighting
 12573 | Lair:1   | Reached skill level 10 in Shields
 12802 | Lair:2   | Noticed Sonja
 13981 | D:12     | Noticed Fannar
 14004 | D:12     | Killed Fannar
 14802 | D:12     | Noticed a boulder beetle
 14812 | D:12     | Killed a boulder beetle
 14813 | D:12     | Reached XP level 13. HP: 63/111 MP: 13/13
 15264 | D:13     | Found an opulent altar of Gozag.
 15782 | D:13     | Found a gate to the Vaults.
 16162 | D:13     | Reached skill level 14 in Fighting
 16719 | D:14     | Found a runed translucent door.
 16772 | D:14     | Found a runed translucent door.
 17495 | Lair:2   | Your ally Sonja died
 18309 | Lair:3   | Found a hole to the Spider Nest.
 18858 | Lair:3   | Found a staircase to the Swamp.
 18913 | Lair:3   | Noticed Gastronok
 18946 | Lair:3   | Killed Gastronok
 19577 | Lair:4   | Reached XP level 14. HP: 111/121 MP: 14/14
 19894 | Lair:4   | Reached skill level 15 in Fighting
 20548 | Lair:5   | Entered Level 5 of the Lair of Beasts
 20548 | Lair:5   | Noticed Josephine
 20602 | Lair:4   | Reached ***** piety under Trog
 20603 | Lair:4   | Reached skill level 15 in Maces & Flails
 20617 | Lair:4   | Reached skill level 5 in Armour
 20682 | Lair:4   | Killed Josephine
 20764 | Lair:5   | Found a gate leading to a gauntlet.
 20818 | Gauntlet | Entered a Gauntlet
 20818 | Gauntlet | Found a transporter.
 20818 | Gauntlet | Found a transporter.
 20822 | Gauntlet | Found a transporter.
 20822 | Gauntlet | Found a transporter.
 20831 | Gauntlet | Found a transporter.
 20845 | Gauntlet | Noticed a reaper
 20850 | Gauntlet | Found a transporter.
 20857 | Gauntlet | Noticed a reaper
 20860 | Gauntlet | Found a transporter.
 20864 | Gauntlet | Found a transporter.
 20870 | Gauntlet | Found a transporter.
 20891 | Gauntlet | Found a transporter.
 20896 | Gauntlet | Found the +5 demon whip "Spellbinder" {antimagic, disrupt,
                  | Will+}
 20900 | Gauntlet | Found a transporter.
 20922 | Gauntlet | Found a transporter.
 20956 | Gauntlet | Found a transporter.
 20972 | Gauntlet | Found a transporter.
 21073 | Gauntlet | Found a transporter.
 21089 | Gauntlet | Found a transporter.
 21259 | Gauntlet | Killed a reaper
 21475 | Gauntlet | Identified the ring "Ideamof" {Fire Str-5 Int+3}
 21518 | Gauntlet | Killed a reaper
 21529 | Gauntlet | Identified the +0 pair of gloves "Mauluil" {rF+ rN++ Int+2}
 22307 | Lair:5   | Found a viscous altar of Jiyva.
 22308 | Lair:5   | Found a staircase to the Slime Pits.
 22698 | Lair:5   | Identified the +6 chain mail "Peira" {rF++ Will+ Regen+}
 22941 | Lair:5   | Reached skill level 16 in Fighting
 23068 | Lair:5   | Reached XP level 15. HP: 131/131 MP: 15/15
 24270 | D:14     | Found a runed translucent door.
 24385 | D:14     | Found a runed translucent door.
 25142 | D:15     | Entered Level 15 of the Dungeon
 25324 | D:14     | Reached skill level 1 in Throwing
 25407 | D:15     | Found a staircase to the Depths.
 26079 | D:15     | Reached skill level 17 in Fighting
 26129 | D:15     | Reached skill level 5 in Throwing
 26195 | D:15     | Noticed Agnes
 26208 | D:15     | Killed Agnes
 26361 | D:15     | Found the ring of the Hare {EV+10}
 26374 | D:15     | Found Ercheorr's Assorted Antiques.
 26411 | D:15     | Found an iron altar of Okawaru.
 26705 | Orc:1    | Entered Level 1 of the Orcish Mines
 26928 | Orc:2    | Entered Level 2 of the Orcish Mines
 27047 | Orc:2    | Received a gift from Trog
 27220 | Orc:2    | Reached XP level 16. HP: 141/141 MP: 7/16
 27409 | Orc:2    | Found Ceadywes's Jewellery Emporium.
 27409 | Orc:2    | Found Iwnionas's General Store.
 27432 | Orc:2    | Found Efexzuot's General Store.
 27478 | Orc:2    | Bought a scroll of identify for 24 gold pieces
 27481 | Orc:2    | Found Nena's General Store.
 27526 | Orc:2    | Received a gift from Trog
 27541 | Orc:2    | Bought a scroll of identify for 28 gold pieces
 27541 | Orc:2    | Identified a scroll of acquirement
 27579 | Orc:1    | Acquired a manual of Shields
 27952 | Orc:2    | Found a staircase to the Elven Halls.
 27970 | Orc:2    | Reached skill level 18 in Fighting
 28343 | Orc:2    | Bought 2 scrolls of enchant weapon for 195 gold pieces
 28343 | Orc:2    | Bought a potion of might for 52 gold pieces
 28356 | Orc:2    | Bought a potion of heal wounds for 60 gold pieces
 28374 | Orc:2    | Bought a potion of heal wounds for 70 gold pieces
 28391 | Elf:1    | Entered Level 1 of the Elven Halls
 28660 | Elf:1    | Found a runed translucent door.
 28661 | Elf:1    | Noticed Xuahaunu's ghost (adept MfIE)
 29000 | Elf:1    | Received a gift from Trog
 29040 | Elf:1    | Found Veleilu's Assorted Antiques.
 29049 | Elf:1    | Bought a scroll of identify for 70 gold pieces
 29895 | Swamp:1  | Entered Level 1 of the Swamp
 30073 | Swamp:1  | Reached skill level 10 in Armour
 30297 | Swamp:1  | Reached XP level 17. HP: 151/151 MP: 17/17
 30497 | Swamp:1  | Identified the blade talisman of Gravitas {rElec rN+ Will+
                  | rCorr}
 31470 | Swamp:3  | Reached ****** piety under Trog
 31544 | Swamp:2  | Reached skill level 19 in Fighting
 31860 | Swamp:3  | Reached skill level 15 in Shields
 32083 | Swamp:4  | Entered Level 4 of the Swamp
 32391 | Swamp:4  | Received a gift from Trog
 33075 | Swamp:4  | Got a decaying rune of Zot
 33626 | Lair:3   | Upgraded the game from 0.31-a0-1522-g43313d8a59 to
                  | 0.31-a0-1529-g7bd419a0e5
 33629 | Spider:1 | Entered Level 1 of the Spider Nest
 33755 | Spider:1 | Received a gift from Trog
 33966 | Spider:1 | Found a runed translucent door.
 33966 | Spider:1 | Noticed grandjackal's ghost (adept DECj)
 34337 | Spider:1 | Reached XP level 18. HP: 162/162 MP: 6/18
 34792 | Spider:2 | Identified the ring "Murphouf" {Will+ Int+2}
 35286 | Spider:2 | Reached skill level 20 in Fighting
 35430 | Spider:2 | Received a gift from Trog
 36848 | Spider:4 | Entered Level 4 of the Spider Nest
 36999 | Spider:4 | Received a gift from Trog
 37183 | Spider:4 | Noticed Mara
 37265 | Spider:4 | Noticed Nikola
 37298 | Spider:3 | Killed Nikola
 38239 | Spider:4 | Killed Mara
 38652 | Spider:4 | Reached XP level 19. HP: 170/170 MP: 19/19
 38706 | Spider:4 | Received a gift from Trog
 39278 | Spider:4 | Got a gossamer rune of Zot
 39590 | Vaults:1 | Entered Level 1 of the Vaults
 39744 | Vaults:1 | Noticed Boris
 39759 | Vaults:1 | Killed Boris
 39760 | Vaults:1 | Reached skill level 21 in Fighting
 39844 | Vaults:1 | Found Ideryad's Assorted Antiques.
 39849 | Vaults:1 | Found Xuuzis Riri's Assorted Antiques.
 39948 | Vaults:1 | Reached skill level 10 in Throwing
 40782 | Vaults:1 | You fall into a shaft and drop 1 floor!
 41051 | Vaults:1 | Found a huge runed gate.
 41051 | Vaults:1 | Found a huge runed gate.
 41051 | Vaults:1 | Found a huge runed gate.
 41051 | Vaults:1 | Found a huge runed gate.
 41051 | Vaults:1 | Found a huge runed gate.
 41052 | Vaults:1 | Found a huge runed gate.
 41052 | Vaults:1 | Found a huge runed gate.
 41052 | Vaults:1 | Found a huge runed gate.
 41052 | Vaults:1 | Found a huge runed gate.
 41052 | Vaults:1 | Found a huge runed gate.
 41053 | Vaults:1 | Found a huge runed gate.
 41053 | Vaults:1 | Found a huge runed gate.
 41054 | Vaults:1 | Found a huge runed gate.
 41055 | Vaults:1 | Found a huge runed gate.
 41056 | Vaults:1 | Found a huge runed gate.
 41064 | Vaults:1 | Found a huge runed gate.
 41064 | Vaults:1 | Found a huge runed gate.
 41064 | Vaults:1 | Found a huge runed gate.
 41064 | Vaults:1 | Found a huge runed gate.
 41064 | Vaults:1 | Found a huge runed gate.
 41064 | Vaults:1 | Found a huge runed gate.
 41065 | Vaults:1 | Found a huge runed gate.
 41066 | Vaults:1 | Found a huge runed gate.
 41067 | Vaults:1 | Found a huge runed gate.
 41154 | Vaults:1 | Found a huge runed gate.
 41155 | Vaults:1 | Found a huge runed gate.
 41156 | Vaults:1 | Found a huge runed gate.
 41157 | Vaults:1 | Found a huge runed gate.
 41259 | Vaults:1 | Found a huge runed gate.
 41259 | Vaults:1 | Found a huge runed gate.
 41259 | Vaults:1 | Found a huge runed gate.
 41259 | Vaults:1 | Found a huge runed gate.
 41259 | Vaults:1 | Found a huge runed gate.
 41260 | Vaults:1 | Found a huge runed gate.
 41261 | Vaults:1 | Found a huge runed gate.
 41262 | Vaults:1 | Found a huge runed gate.
 41374 | Vaults:2 | Found Buckoc's Assorted Antiques.
 41984 | Vaults:2 | Reached skill level 15 in Armour
 41989 | Vaults:2 | Received a gift from Trog
 42419 | Vaults:2 | Reached XP level 20. HP: 180/180 MP: 6/20
 42823 | Vaults:2 | Found a staircase to the Crypt.
 43082 | Vaults:3 | Identified the orb of the Hecatoncheires {*channel, ^Drain
                  | rC+ rN+ Ice}
 43082 | Vaults:3 | Noticed Frederick
 43474 | Vaults:3 | Received a gift from Trog
 43474 | Vaults:3 | Found the +8 lance "Wyrmbane" {slay drac, rPois rF+ rC+
                  | AC+3}
 43513 | Vaults:3 | Noticed Boris
 43524 | Vaults:3 | Killed Boris
 43583 | Vaults:3 | Noticed Jory
 43601 | Vaults:3 | Killed Jory
 43895 | Vaults:3 | Found Gaoclunu's Assorted Antiques.
 43912 | Vaults:3 | Reached skill level 22 in Fighting
 44206 | Vaults:3 | Killed Frederick
 44653 | Vaults:3 | Noticed Asterion
 44663 | Vaults:3 | Killed Asterion
 44814 | Vaults:4 | Identified the +10 battleaxe of Courage {pain, rElec rPois
                  | Will+}
 45973 | Vaults:4 | Found Ytzacei's General Store.
 45979 | Vaults:4 | Bought a scroll of enchant weapon for 112 gold pieces
 46201 | Vaults:4 | Found Baogeuk's Weapon Boutique.
 46272 | Vaults:4 | Reached XP level 21. HP: 190/190 MP: 7/21
 46415 | Vaults:3 | Bought a scroll of enchant armour for 292 gold pieces
 46415 | Vaults:3 | Bought a potion of curing for 117 gold pieces
 46415 | Vaults:3 | Bought a scroll of fear for 156 gold pieces
 46511 | Vaults:2 | Bought a scroll of fog for 140 gold pieces
 46561 | Vaults:1 | Bought a potion of curing for 87 gold pieces
 46561 | Vaults:1 | Bought a scroll of enchant armour for 217 gold pieces
 46567 | Vaults:1 | Bought a scroll of teleportation for 78 gold pieces
 46567 | Vaults:1 | Bought 2 potions of curing for 156 gold pieces
 46567 | Vaults:1 | Bought a scroll of teleportation for 78 gold pieces
 47190 | D:15     | Bought a potion of curing for 63 gold pieces
 47190 | D:15     | Bought a potion of curing for 63 gold pieces
 47214 | Depths:1 | Entered Level 1 of the Depths
 47260 | Depths:1 | Found a sparkling altar of Nemelex Xobeh.
 47510 | Depths:1 | Found Huunen's Antique Weapon Shop.
 47522 | Depths:1 | Found a gateway to Hell.
 47543 | Depths:1 | Found Iduxtel's Antique Armour Shoppe.
 47543 | Depths:1 | Found Wausyez's Distillery.
 47557 | Depths:1 | Found Wavyjoh's Book Emporium.
 47559 | Depths:1 | Found Qestrouz's Magic Scroll Shoppe.
 47567 | Depths:1 | Bought a scroll of enchant armour for 120 gold pieces
 47583 | Depths:1 | Bought 2 potions of curing for 108 gold pieces
 47583 | Depths:1 | Bought a potion of heal wounds for 90 gold pieces
 47583 | Depths:1 | Bought a potion of heal wounds for 90 gold pieces
 47583 | Depths:1 | Bought a potion of might for 72 gold pieces
 47730 | Depths:1 | Found an ancient bone altar of Kikubaaqudgha.
 48793 | Depths:2 | Found a one-way gate to the infinite horrors of the Abyss.
 48968 | Depths:2 | Reached skill level 23 in Fighting
 49025 | Depths:2 | Noticed a juggernaut
 49034 | Depths:2 | Killed a juggernaut
 49154 | Depths:2 | Noticed a golden dragon
 49181 | Depths:1 | Killed a golden dragon
 49458 | Depths:2 | Found a one-way gate leading to the halls of Pandemonium.
 49573 | Depths:2 | Identified the staff of Mecakky {rF+ rN+ Dex+4 Fire}
 49588 | Depths:2 | Found a radiant altar of Vehumet.
 49590 | Depths:2 | Found a burning altar of Makhleb.
 49727 | Depths:2 | Found a shadowy altar of Dithmenos.
 49727 | Depths:2 | Found a white marble altar of Elyvilon.
 49749 | Depths:2 | Received a gift from Trog
 49850 | Depths:2 | Found an opulent altar of Gozag.
 50545 | Depths:3 | Noticed a bone dragon
 50792 | Depths:2 | Reached XP level 22. HP: 200/200 MP: 7/22
 50816 | Depths:2 | Reached skill level 15 in Throwing
 51404 | Depths:3 | Found a gateway to a bazaar.
 51410 | Bazaar   | Entered a bazaar
 51410 | Bazaar   | Found Yfomuqal's Antique Weapon Shop.
 51435 | Bazaar   | Found Qopneuru's Antique Armour Shop.
 51455 | Bazaar   | Found Opnolan's General Store.
 51463 | Bazaar   | Bought a potion of resistance for 140 gold pieces
 51463 | Bazaar   | Bought a potion of haste for 140 gold pieces
 51467 | Bazaar   | Bought a scroll of acquirement for 728 gold pieces
 51492 | Depths:3 | Acquired the ring "Niaxoh" {Fly rC+ Int+3 Dex+3}
 51512 | Depths:4 | Entered Level 4 of the Depths
 51666 | Depths:3 | Identified the +2 morningstar "Acvulum" {flame, Dex+2}
                  | (Trog gifted it to you on level 3 of the Depths)
 51666 | Depths:3 | Received a gift from Trog
 51868 | Depths:3 | Identified the +9 sling of the Demagogue {antimagic, rElec
                  | rN+ Int-3 SInv}
 51902 | Depths:3 | Found a sacrificial altar of Ru.
 52544 | Depths:4 | Found a one-way gateway to a ziggurat.
 52555 | Depths:4 | Noticed a caustic shrike
 52564 | Depths:4 | Killed a caustic shrike
 52915 | Depths:3 | Identified the +7 flail of Temperance {flame, rPois rC+}
 52954 | Depths:3 | Reached skill level 24 in Fighting
 53033 | Depths:4 | Received a gift from Trog
 53352 | Depths:4 | Noticed a golden dragon
 53529 | Depths:4 | Found a gate to the Realm of Zot.
 53573 | Depths:4 | Killed a golden dragon
 54078 | Depths:4 | Upgraded the game from 0.31-a0-1529-g7bd419a0e5 to
                  | 0.31-a0-1540-g5a0b83f448
 54366 | Orc:2    | Bought a potion of resistance for 130 gold pieces
 54366 | Orc:2    | Bought 2 silver javelins for 234 gold pieces
 54648 | Vaults:5 | Entered Level 5 of the Vaults
 54660 | Vaults:5 | Noticed Boris
 54684 | Vaults:5 | Killed Boris
 54705 | Vaults:5 | Noticed a golden dragon
 54707 | Vaults:5 | Reached XP level 23. HP: 172/209 MP: 7/23
 54720 | Vaults:5 | Killed a golden dragon
 54983 | Vaults:5 | Got a silver rune of Zot
 55287 | Vaults:5 | Identified the ring "Uganlitecs" {Ice ^Contam Will+ Str+4}
 55324 | Vaults:5 | Identified the +9 short sword of Vanity {flame, rPois rF+
                  | Str+2}
 56038 | Vaults:5 | Noticed a golden dragon
 56080 | Vaults:5 | Killed a golden dragon
 56105 | Vaults:5 | Identified the +3 leather armour of the Beloved God
                  | {Rampage rC+ Will- Slay+2}
 56316 | Vaults:5 | Noticed a golden dragon
 56352 | Vaults:5 | Killed a golden dragon
 56412 | Vaults:5 | Reached skill level 25 in Fighting
 56451 | Vaults:5 | Noticed a golden dragon
 56480 | Vaults:5 | Killed a golden dragon
 56644 | Vaults:5 | Received a gift from Trog
 56822 | Vaults:5 | Identified the ring of Oskaob {rN++ MP+9 Str+3}
 56918 | Vaults:5 | Reached XP level 24. HP: 220/220 MP: 7/23
 56945 | Vaults:5 | Identified the +2 hand axe "Luduok" {drain, ^Fragile Fly
                  | MP+9 Int+3}
 57086 | Vaults:5 | Identified the staff of Quamm {rPois rN+ Dex+2 Alchemy}
 57616 | Zot:1    | Entered Level 1 of the Realm of Zot
 57653 | Zot:1    | Noticed a Killer Klown
 57655 | Zot:1    | Noticed a Killer Klown
 57906 | Zot:1    | Noticed a Killer Klown
 57915 | Zot:1    | Noticed an ancient lich
 57971 | Depths:4 | Killed a Killer Klown
 58010 | Depths:4 | Killed an ancient lich
 58133 | Depths:4 | Killed a Killer Klown
 58195 | Zot:1    | Killed a Killer Klown
 58516 | Zot:1    | Received a gift from Trog
 58527 | Zot:1    | Noticed an orb of fire
 58527 | Zot:1    | Gained mutation: Your magical capacity is low. (-10% MP)
                  | [an orb of fire]
 58553 | Zot:1    | Killed an orb of fire
 59013 | Zot:1    | Reached skill level 5 in Dodging
 59013 | Zot:1    | Reached XP level 25. HP: 229/229 MP: 6/20
 59014 | Zot:1    | Reached XP level 26. HP: 237/237 MP: 6/20
 60061 | Zot:3    | Found the +4 dragonskin cloak
 60061 | Zot:3    | Noticed Tiamat
 60661 | Zot:3    | Identified the +8 lajatang of Thieving Quick Death {venom,
                  | Dex+5}
 60756 | Zot:2    | Reached skill level 26 in Fighting
 60888 | Zot:3    | Received a gift from Trog
 61140 | Zot:3    | Lost mutation: Your magical capacity is low. (-10% MP)
                  | [mutagenic glow]
 61150 | Zot:3    | Gained mutation: Armour fits poorly on your strangely
                  | shaped body. [mutagenic glow]
 61439 | Zot:3    | Reached XP level 27. HP: 164/245 MP: 7/23
 61546 | Zot:4    | Noticed an orb of fire
 61571 | Zot:3    | Gained mutation: You are clumsy. (Dex -2) [an orb of fire]
 61585 | Zot:3    | Gained mutation: Your body sometimes deteriorates upon
                  | taking damage. [an orb of fire]
 61588 | Zot:3    | Killed an orb of fire
 61598 | Zot:3    | Lost mutation: Armour fits poorly on your strangely shaped
                  | body. [potion of mutation]
 61598 | Zot:3    | Lost mutation: Your body sometimes deteriorates upon taking
                  | damage. [potion of mutation]
 61598 | Zot:3    | Lost mutation: You are clumsy. (Dex -2) [potion of
                  | mutation]
 61598 | Zot:3    | Gained mutation: Your muscles are strong. (Str +4, Int/Dex
                  | -1) [potion of mutation]
 61598 | Zot:3    | Gained mutation: You are robust. (+10% HP) [potion of
                  | mutation]
 61652 | Zot:4    | Noticed an orb of fire
 61730 | Zot:3    | Killed an orb of fire
 63112 | Zot:5    | Entered Level 5 of the Realm of Zot
 63672 | Zot:5    | Identified the +2 pair of gloves of Igruoq {Regen+}
 63993 | Zot:5    | Noticed a dread lich
 64003 | Zot:5    | Noticed an orb of fire
 64027 | Zot:5    | Paralysed by something for 3 turns
 64038 | Zot:5    | Killed a dread lich
 64038 | Zot:5    | Killed an orb of fire
 64555 | Zot:5    | Noticed an orb of fire
 64559 | Zot:5    | Noticed an orb of fire
 64599 | Zot:5    | Killed an orb of fire
 64608 | Zot:5    | Reached skill level 27 in Fighting
 64650 | Zot:5    | Killed an orb of fire
 64650 | Zot:5    | Received a gift from Trog
 64690 | Zot:5    | Noticed a dread lich
 64693 | Zot:5    | Noticed an orb of fire
 64697 | Zot:5    | Noticed an ancient lich
 64723 | Zot:5    | Killed an orb of fire
 64744 | Zot:5    | Killed an ancient lich
 64880 | Zot:5    | Killed a dread lich
 64940 | Zot:5    | Noticed an orb of fire
 64945 | Zot:5    | Killed an orb of fire
 64992 | Zot:5    | Noticed an orb of fire
 65006 | Zot:5    | Gained mutation: You are occasionally teleported next to
                  | monsters. [an orb of fire]
 65011 | Zot:5    | Killed an orb of fire
 65020 | Zot:5    | Lost mutation: You are robust. (+10% HP) [potion of
                  | mutation]
 65020 | Zot:5    | Lost mutation: You are occasionally teleported next to
                  | monsters. [potion of mutation]
 65020 | Zot:5    | Lost mutation: Your muscles are strong. (Str +4, Int/Dex
                  | -1) [potion of mutation]
 65020 | Zot:5    | Gained mutation: You are dopey. (Int -2) [potion of
                  | mutation]
 65020 | Zot:5    | Gained mutation: You expend magic power (3 MP) to
                  | strengthen your wands. [potion of mutation]
 65205 | Zot:5    | Noticed an orb of fire
 65229 | Zot:5    | Gained mutation: You are very dopey. (Int -4) [an orb of
                  | fire]
 65230 | Zot:5    | Killed an orb of fire
 65393 | Zot:5    | Got the Orb of Zot
 65575 | Depths:3 | Noticed Lereruba the pandemonium lord
 65974 | D:$      | Escaped with the Orb!

Illustrated notes

Levels and vault maps discovered:
D:1:      scummos_arrival_simple_crosswalls, layout_loops_ring
D:2:      layout_basic, grunt_ministairs_1, uniq_robin, uniq_crazy_yiuf_cottage
D:3:      layout_basic, gup_sewer_entry_pipe, nrook_mini_vaults,
          chequers_arboretum, wander_ebering_terrifying_dragon_lair
D:4:      layout_loops_ring, nicolae_hepliaklqana_hazy_memory,
          minmay_temple_entry_waves, hangedman_abyss_or_decor_stabs
D:5:      layout_loops_cross, ashenzari_conservatory_becter,
          vehumet_altar_wand_db, serial_bayou, serial_bayou_shore_a,
          serial_bayou_pond_e, serial_bayou_pond_d, serial_bayou_lagoon_a,
          serial_bayou_ford_a, dk_noncrumbling_3, uniq_ijyb, uniq_blork_the_orc,
          uniq_pikel
D:6:      layout_loops_ring
D:7:      layout_gridville, uniq_joseph, uniq_duvessa
D:8:      layout_gridville, mainiacjoe_overflow_24_doors
D:9:      layout_loops_ring, mainiacjoe_overflow_small_starburst,
          grunt_ministairs_6
D:10:     gammafunk_jiyva_shrine, layout_irregular_city, orc_0_dummy,
          serial_column_ruins, column_ruins_columns_water,
          column_ruins_open_tiny, column_ruins_open_medium_water, uniq_urug
D:11:     minmay_slanted_spiral_squares, layout_layer_cave,
          due_lair_maze_entry_diamond, trog_ov_bears_minmay
D:12:     layout_stronghold, grunt_ministairs_13, grunt_decor_resistance,
          kennysheep_generic_room_11, uniq_fannar
D:13:     layout_roguey, david_vaults_1, nicolae_gozag_seed_capital
D:14:     layout_stronghold, nicolae_twisting_strands,
          minmay_statue_crystal_thing
D:15:     hangedman_depths_entry_civil_slaughter, layout_cave_pools,
          serial_shops, nicolae_shop_getting_attention,
          okawaru_ov_weapons_minmay, uniq_agnes
Lair:1:   beast_lair_carwin_large_1, layout_big_grid
Lair:2:   layout_big_grid, st_stairs_10, uniq_sonja
Lair:3:   layout_cave_pods, swamp_mist_pool, nicolae_spider_entry_orb_guardian,
          nicolae_lair_liquid_snakes, serial_bayou_shore_b, uniq_gastronok
Lair:4:   layout_regular_city, lemuel_fruit_tree
Lair:5:   guppyfry_lair_end_dragon, layout_misc_corridors,
          hangedman_lair_tendril_chambers, nicolae_slime_entry_slimehenge,
          gauntlet_entry_generic, minivault_24, uniq_josephine
Swamp:1:  layout_basic_swamp, nicolae_swamp_little_swirl
Swamp:2:  layout_basic_swamp, nicolae_swamp_some_circles, swamp_pool_3,
          nicolae_swamp_long_stream, nicolae_swamp_tree_isthmus
Swamp:3:  layout_basic_swamp, nicolae_swamp_triple_paths
Swamp:4:  swamp_alternative, layout_basic_swamp, infiniplex_staircase_pool
Spider:1: layout_spider_delve, hellmonk_ghost_happy_afterlife
Spider:2: layout_spider_delve, nicolae_spider_webbed_stairs
Spider:3: layout_cave_pods, einodemon_crawler_minivault
Spider:4: grunt_spider_rune_circles, uniq_nikola, uniq_mara
Orc:1:    layout_caves
Orc:2:    st_orc_open, layout_caves, special_room
Elf:1:    layout_geoelf_octagon, serial_shops, nicolae_shop_overgrown_old_shop,
          gammafunk_ghost_grave, minmay_elf_sorcery, drop_trap, moated_statue
Vaults:1: nicolae_vaults_little_squares_5, nicolae_vaults_offset_grid_hallway_4,
          door_vault, nicolae_vaults_storage_closets_2,
          nicolae_vaults_shelves_hall, nicolae_vaults_mini_display_case,
          layout_vaults_omnigrid, serial_shops, shop,
          nicolae_shop_just_a_little_nook, uniq_boris
Vaults:2: hangedman_vaults_snaps, nicolae_vaults_house_2,
          minmay_crypt_entry_skeletal_spiral, v_misc_22, st_diamondy,
          nicolae_vaults_sealed_display, nicolae_vaults_little_squares_6,
          ontoclasm_vaults_pinch, layout_vaults_ring, serial_shops, shop
Vaults:3: nicolae_vaults_network_square, v_pattern_3, dpeg_vaults_monster_box,
          v_misc_17, ontoclasm_vaults_idyll, nicolae_vaults_trapezoid_layered,
          nicolae_vaults_storage_closets_1, v_misc_23, grunt_vaults_focal,
          vaults_room_pools, nicolae_vaults_house_2, v_misc_2, vaults_mumra_lcd,
          hangedman_vaults_river_flow, ontoclasm_vaults_idyll,
          nicolae_vaults_trapezoid_3, nicolae_vaults_double_plus_1,
          layout_vaults_omnibox, serial_shops, shop_fountains, uniq_jory,
          uniq_frederick, uniq_asterion
Vaults:4: nicolae_vaults_two_Ls, ontoclasm_vaults_hangar, vaults_mumra_chevron,
          nicolae_vaults_taking_the_gang_shopping,
          nicolae_vaults_more_shelving_1, v_alt_pattern_3,
          hangedman_vaults_maws, nicolae_vaults_tetromino_L_1,
          ontoclasm_vaults_misaligned, vaults_mumra_bighexcomb,
          hangedman_vaults_trim, nicolae_vaults_shelves_hall,
          layout_vaults_maze_snakey, serial_shops, shop_fountains
Vaults:5: serial_shops
Depths:1: layout_basic, nemelex_xobeh_ov_fountains_minmay, serial_shops, shop,
          hell_entry, library_closet, lemuel_zombie_altar_kikubaaqudgha,
          minmay_shoptagon
Depths:2: minmay_the_grid_octo_2x2 [minmay_the_grid_octo_concentric,
          minmay_the_grid_octo_empty, minmay_the_grid_octo_shrine,
          minmay_the_grid_octo_prize_star], layout_cave_shapes, pan_entry,
          pf_hell_entry_tar_spiral, minmay_room_of_horrors, lemuel_doored_altar
Depths:3: minmay_connected_triangles_in_corner, layout_twisted_cross,
          mu_enter_wizlab_6, serial_shops, bzr_entry_safe,
          nicolae_ru_the_path_less_chosen, abyss_entry, grunt_mini_vestibule,
          minivault_10
Depths:4: grunt_crosshair, layout_basic, enter_ziggurat_e, serial_bayou_pond_d,
          pf_coc_iceberg, minmay_fractal_squares_diagonal_5,
          serial_bayou_shore_b
Zot:1:    ebering_klown_carousel, layout_gridville,
          hangedman_zot_decor_scrapings, hangedman_zot_decor_checkerboard
Zot:2:    layout_gridlike
Zot:3:    layout_twisted_circle, uniq_tiamat
Zot:4:    lemuel_halls_of_wrath, layout_basic, regret_index_zotdec_ex,
          regret_index_zotdec_golden_two_three, grunt_megastairs_2,
          lemuel_elevator
Zot:5:    layout_basic

Skill      XL: |  1  2  3  4  5  6  7  8  9 10 11 12 13 14 15 16 17 18 19 20 21 22 23 24 25 26 27 |
---------------+----------------------------------------------------------------------------------+-----
Fighting       | 4 5 7 8 9 11 12 13 14 16 17 18 19 20 21 22 23 24 25 26 27 | 27.0
Maces & Flails | 4 5 7 8 9 10 12 13 14 15 16 | 16.2
Shields        | 1 4 6 9 10 11 14 16 18 | 18.0
Armour         | 3 7 8 10 12 13 15 16 17 19 20 21 | 21.6
Throwing       | 6 8 9 11 13 14 16 17 18 19 22 | 22.6
Dodging        | 5 |  5.2

Action                     |  1- 3 |  4- 6 |  7- 9 | 10-12 | 13-15 | 16-18 | 19-21 | 22-24 | 25-27 || total
---------------------------+-------+-------+-------+-------+-------+-------+-------+-------+-------++-------
  Melee: Mace              |    39 |       |       |       |       |       |       |       |       ||    39
         Whip              |    58 |   231 |   363 |   449 |     7 |       |       |       |       ||  1108
         Punch             |     1 |       |     1 |       |       |       |       |       |       ||     2
         Short sword       |       |       |       |    53 |    59 |       |       |       |       ||   112
         Morningstar       |       |       |       |   339 |  1025 |  1435 |   381 |       |       ||  3180
         Demon whip        |       |       |       |       |    92 |   378 |   193 |   368 |     8 ||  1039
         Eveningstar       |       |       |       |       |       |       |  1282 |  1254 |   715 ||  3251
  Throw: Boomerang         |       |       |    20 |    10 |     7 |    79 |   209 |   361 |   187 ||   873
         Dart              |       |       |     6 |    81 |    44 |     1 |       |       |       ||   132
         Throwing net      |       |       |       |       |     1 |       |       |       |       ||     1
         Javelin           |       |       |       |       |       |       |    11 |    26 |    86 ||   123
 Invoke: Berserk           |     1 |     1 |     6 |    13 |     6 |     2 |       |     1 |       ||    30
         Trog's Hand       |       |     2 |     5 |     7 |    15 |     5 |    13 |    18 |    18 ||    83
         Brothers in Arms  |       |       |       |     1 |     5 |     3 |    10 |     8 |     1 ||    28
  Evoke: Wand              |       |       |       |    10 |    20 |     3 |     3 |     4 |     3 ||    43
    Use: Scroll            |       |       |       |    16 |    16 |    13 |     7 |     7 |     6 ||    65
         Potion            |       |       |       |       |       |       |     1 |     6 |    17 ||    24
   Stab: Distracted        |       |       |       |       |     1 |     1 |     1 |     3 |       ||     6
         Confused          |       |       |       |       |       |     3 |       |       |       ||     3
         Invisible         |       |       |       |       |       |       |       |     4 |       ||     4
 Armour: Ring mail         |    54 |    87 |       |       |       |       |       |       |       ||   141
         Animal skin       |     3 |       |       |       |       |       |       |       |       ||     3
         Leather armour    |       |    24 |   171 |   405 |   320 |       |       |       |       ||   920
         Chain mail        |       |       |       |       |   233 |   700 |   647 |   577 |   352 ||  2509
  Dodge: Dodged            |    57 |   137 |    79 |   160 |   194 |   565 |   425 |   400 |   285 ||  2302
  Block: Tower shield      |       |       |   166 |   769 |  1417 |  2226 |  2216 |  1919 |  1008 ||  9721
         Reflection        |       |       |       |       |    41 |    64 |    89 |    65 |     6 ||   265

Table legend: (Time is in decaauts)
 A = Elapsed time spent in this place.
 B = Non-inter-level travel time spent in this place.
 C = Inter-level travel time spent in this place.
 D = Time resting spent in this place.
 E = Time spent auto-exploring this place.
 F = Levels seen in this place.
 G = Mean time per level.
                   A        B        C        D        E       F      G
               +--------+--------+--------+--------+--------+-----+--------+
         Total |  65131 |  59650 |   5481 |   8985 |  14203 |  48 | 1356.9 |
       Dungeon |  19775 |  17528 |   2247 |   3541 |   6762 |  15 | 1318.3 |
          Lair |   7357 |   6825 |    532 |   1399 |   1917 |   5 | 1471.4 |
         Swamp |   3667 |   3398 |    269 |    299 |   1158 |   4 |  916.8 |
   Spider Nest |   5617 |   5194 |    423 |    815 |    602 |   4 | 1404.2 |
  Orcish Mines |   1784 |   1632 |    152 |     32 |    529 |   2 |  892.0 |
   Elven Halls |   1220 |   1198 |     22 |    109 |    358 |   1 | 1220.0 |
        Vaults |   9921 |   9245 |    676 |    691 |   1355 |   5 | 1984.2 |
        Depths |   7125 |   6486 |    639 |    995 |   1025 |   4 | 1781.2 |
           Zot |   7326 |   6808 |    518 |    808 |    216 |   5 | 1465.2 |
        Bazaar |     79 |     79 |      0 |      0 |      0 |   1 |   79.0 |
         Sewer |    341 |    341 |      0 |      0 |      0 |   1 |  341.0 |
      Gauntlet |    913 |    913 |      0 |    294 |    281 |   1 |  913.0 |
               +--------+--------+--------+--------+--------+-----+--------+

Top non-repeatable levels by time:
    D:11: 2795 daAuts
Vaults:5: 2481 daAuts
Vaults:1: 2390 daAuts
    D:10: 2177 daAuts
   Zot:5: 2169 daAuts
    D:14: 2066 daAuts
Depths:4: 2049 daAuts
Vaults:3: 1902 daAuts
Spider:4: 1867 daAuts
    D:12: 1825 daAuts
Depths:2: 1812 daAuts
Vaults:2: 1809 daAuts
  Lair:5: 1773 daAuts
Depths:3: 1732 daAuts
Spider:3: 1700 daAuts
